Map: Blackrock LE

Players

Reynor - Winner!

  • Race: Zerg Zerg
  • League: Master
  • Spawn Location: 7:00

Jumy (ForJumy)

  • Race: Protoss Protoss
  • League: Master
  • Spawn Location: 1:00

Event: HomeStory Cup XXIX

VOD

Have the link to the VOD?

Description

Time

  • Played on: July 3, 2026, 9:19 a.m.
  • Length: 5:02

All games in this series

Show
View Real Time Build Order
Export as new Build Order

Reynor Zerg - Winner!

Build Orders: Hatch First 

Get SALT Encoding   

  8  0:00  Drone  
  9  0:10  Drone  
  10  0:16  Drone  
  11  0:26  Overlord  
  11  0:31  Drone  
  12  0:44  Drone x2  
  14  0:51  Drone  
  15  1:00  Drone  
  16  1:13  Hatchery  
  16  1:16  Drone  
  16  1:20  Drone  
  17  1:33  Spawning Pool  
  17  1:36  Drone  
  17  2:10  Overlord  
  17  2:20  Spine Crawler  
  17  2:21  Zergling x6  
  19  2:27  Zergling x2  
  20  2:31  Zergling x2  
  20  2:35  Zergling x2  
  22  2:46  Zergling x4  
  24  2:55  Zergling x4  
  26  3:05  Zergling x4  
  27  3:12  Queen  
  27  3:16  Zergling x2  
  27  3:18  Zergling x2  
  31  3:25  Overlord  
  31  3:29  Extractor  
  31  3:30  Zergling x2  
  32  3:43  Queen  
  32  3:44  Zergling x2  
  31  3:49  Zergling x2  
  31  3:51  Zergling x2  
  33  3:57  Zergling x4  
  34  4:04  Zergling x4  
  36  4:16  Zergling x6  
  39  4:20  Zergling x2  
  39  4:23  Zergling x2  
  34  4:25  Zergling x2  
  34  4:28  Zergling x2  
  32  4:34  Zergling x4  
  34  4:41  Zergling x4  
  36  4:48  Extractor  
Show
View Real Time Build Order
Export as new Build Order

Jumy Protoss 

Build Orders:  

Get SALT Encoding   

  8  0:00  Probe  
  9  0:12  Probe  
  10  0:24  Probe  
  11  0:36  Pylon  
  11  0:37  Probe  
  13  0:55  Gateway  
  12  1:06  Gateway  
  12  1:10  Probe  
  13  1:22  Probe  
  14  1:34  Probe  
  15  1:42  Zealot (Chrono Boost)  
  17  1:48  Probe  
  17  1:51  Zealot (Chrono Boost), Assimilator  
  20  2:00  Pylon  
  20  2:18  Zealot (Chrono Boost)  
  24  2:25  Cybernetics Core  
  24  2:26  Zealot (Chrono Boost)  
  24  2:37  Pylon  
  24  2:39  Zealot (Chrono Boost)  
  26  2:48  Zealot  
  28  3:02  Probe  
  31  3:12  Adept (Chrono Boost)  
  29  3:14  Stalker (Chrono Boost)  
  29  3:19  Shield Battery  
  31  3:28  Probe  
  31  3:34  Stalker  
  33  3:52  Probe  
  33  3:54  Stalker  
  34  4:06  Adept  
  34  4:08  Probe  
  37  4:18  Pylon  
  29  4:28  Probe  
  29  4:31  Stalker  
  24  4:37  Assimilator  
  24  4:45  Probe  
Tags
 
Add a new tag
Caveats
  • Supply blocks, unpowered buildings, or Contaminate may cause inaccurate times.
  • Supply counts are checked every 10 seconds.